Map: 코랄의 균열

Players

펜타네스트

  • Race: Terran Terran
  • Spawn Location: 7:00

펜타네스트

  • Race: Zerg Zerg

VOD

Have the link to the VOD?

Description

Time

  • Played on: Feb. 25, 2018, 1:24 p.m.
  • Length: 23:44
Show
View Real Time Build Order
Export as new Build Order

펜타네스트 Terran 

Build Orders:  

Get SALT Encoding   

  12  0:05  SCV  
Show
View Real Time Build Order
Export as new Build Order

펜타네스트 Zerg 

Build Orders:  

Get SALT Encoding   

  18  0:03  Primal Drone  
  19  0:12  Primal Drone  
  19  0:18  Primal Drone  
  21  0:25  Primal Drone  
  22  0:33  Primal Drone  
  23  0:40  Extractor  
  23  1:03  Primal Warden  
  24  1:10  Extractor  
  24  1:16  Primal Drone  
  25  1:30  Primal Drone x2  
  27  1:41  Primal Drone  
  28  1:55  Primal Drone  
  29  2:16  Primal Zergling  
  29  2:18  Glevig's Den  
  29  2:22  Primal Drone  
  30  2:32  Primal Drone  
  31  2:48  Primal Drone  
  32  3:04  Primal Drone  
  33  3:36  Primal Hive  
  38  3:50  Murvar's Den  
  37  4:24  Primal Wurm  
  38  4:39  Primal Drone x3  
  41  4:40  Primal Drone  
  42  5:23  Primal Hive  
  42  5:25  Extractor x2  
  42  5:31  Primal Drone  
  42  5:32  Primal Drone x5  
  42  5:34  Primal Warden  
  48  6:11  Dakrun's Den  
  47  6:45  Primal Drone  
  47  6:46  Primal Drone x8  
  55  7:45  Primal Drone  
  55  7:46  Primal Drone x6  
  55  7:47  Primal Attacks Level 1, Primal Carapace Level 1  
  62  8:13  Primal Drone  
  62  8:14  Primal Drone x3  
  62  8:15  Aerial Burst Sacs  
  66  8:51  Primal Drone  
  69  9:04  Primal Wurm  
  68  9:17  Primal Warden  
  68  9:18  Primal Warden  
  71  9:30  Primal Wurm  
  71  9:34  Primal Drone x3  
  71  9:35  Primal Drone  
  75  10:19  Primal Swarm Host x4  
  87  11:06  Primal Swarm Host  
  87  11:07  Primal Swarm Host x3  
  93  11:41  Primal Swarm Host x7  
  93  11:42  Primal Swarm Host x4  
  126  12:09  Primal Swarm Host x3  
  128  13:06  Primal Wurm  
  129  13:32  Primal Swarm Host  
  132  13:45  Primal Swarm Host  
  132  13:46  Primal Swarm Host x4  
  147  14:14  Primal Wurm  
  129  14:58  Primal Swarm Host  
  129  14:59  Primal Swarm Host x7  
  151  15:34  Primal Wurm x2  
  149  15:57  Primal Swarm Host  
  149  15:58  Primal Swarm Host x4  
  164  16:55  Primal Swarm Host x6  
  164  16:56  Primal Swarm Host x4  
  184  17:44  Primal Attacks Level 2  
  184  17:45  Primal Carapace Level 2  
  179  19:28  Primal Swarm Host x7  
Tags
 
Add a new tag
Caveats
  • Supply blocks, unpowered buildings, or Contaminate may cause inaccurate times.
  • Supply counts are checked every 10 seconds.